 Dungeon Crawl Stone Soup version 0.20.1-1-g8b1a95d (webtiles) character file.

893 Frqise the Slasher (level 8, -2/60 HPs)
             Began as a Human Fighter on July 5, 2017.
             Was a Priest of Lugonu.
             Slain by Grinder (5 damage)
             ... on level 6 of the Dungeon.
             The game lasted 00:17:32 (4547 turns).

Frqise the Slasher (Human Fighter)                  Turns: 4547, Time: 00:17:33

Health: -2/60      AC:  8    Str: 18    XL:     8   Next: 27%
Magic:  8/8        EV:  4    Int:  9    God:    Lugonu [***...]
Gold:   41         SH: 13    Dex: 13    Spells: 7/7 levels left

rFire    + . .     SeeInvis .   v - +1 long sword (drain)
rCold    . . .     Gourm    .   l - +0 large shield
rNeg     . . .     Faith    .   b - +0 scale mail
rPois    .         Spirit   .   (no helmet)
rElec    .         Reflect  .   y - +0 cloak
rCorr    .         Harm     .   (no gloves)
MR       .....                  r - +0 pair of boots
Stlth    ..........             (no amulet)
Regen    0.2/turn               s - ring of protection from fire
MPRegen  0.2/turn               (no ring)

@: vulnerable, heavily drained
A: no striking features
a: Depart the Abyss, Bend Space, Banish, Renounce Religion


You were on level 6 of the Dungeon.
You worshipped Lugonu.
Lugonu was most pleased with you.
You were hungry.

You visited 1 branch of the dungeon, and saw 6 of its levels.

You collected 251 gold pieces.
You spent 210 gold pieces at shops.

Inventory:

Hand Weapons
 a - a +0 long sword
 v - a +1 long sword of draining (weapon)
 x - a +3 quarterstaff of chaos
Armour
 b - a +0 scale mail (worn)
 c - a +0 shield
 l - a +0 large shield (worn)
 r - a +0 pair of boots (worn)
 y - a +0 cloak (worn)
 D - a cursed +0 ring mail
Jewellery
 p - a cursed ring of loudness
 s - a ring of protection from fire (left hand)
Wands
 E - a wand of flame (32/48)
Scrolls
 g - 2 scrolls of amnesia
 h - 2 scrolls of identify
 z - 2 scrolls of teleportation
 A - a scroll of recharging
Potions
 d - 4 potions of might
 e - 2 potions of invisibility {unknown}
 i - a potion of resistance {unknown}
 j - a potion of curing
 m - 2 potions of heal wounds {unknown}
 n - 2 potions of haste {unknown}
 o - 2 potions of mutation {unknown}
 q - a potion of agility {unknown}
 u - 2 potions of lignification {unknown}
Books
 w - a book of Cantrips

   Spells                             Type                      Level
   a - Confusing Touch                Hexes                        1
   b - Animate Skeleton               Necromancy                   1
   c - Summon Small Mammal            Summoning                    1
   d - Apportation                    Translocation                1
Comestibles
 f - 5 bread rations
 k - 5 royal jellies
 t - a meat ration
 B - 4 fruits


   Skills:
 + Level 4.2(1.6) Fighting
 * Level 6.1(3.3) Long Blades
 + Level 4.8(2.1) Armour
 + Level 1.9(0.0) Dodging
 + Level 5.0(2.3) Shields


You had 7 spell levels left.
You didn't know any spells.

Dungeon Overview and Level Annotations

Branches:
Dungeon (6/15)
 Temple: D:4-7

Altars:
Dithmenos
Lugonu

Shops:
D:5 [

Annotations:
D:6 Grinder


Message History

You writhe in agony.
* * * LOW HITPOINT WARNING * * *
Grinder hits you.
* * * LOW HITPOINT WARNING * * *
You writhe in agony.
* * * LOW HITPOINT WARNING * * *
You can move again.
As you read the scroll labeled PEYNONTIUW, it crumbles to dust.
It is a scroll of recharging.
Charge which item? (? for menu, Esc to quit)
Your wand of flame (?/48) {zapped: 14} glows for a moment.
Grinder hits you.
* * * LOW HITPOINT WARNING * * *
Unknown command.
As you read the scroll labeled AWAPRUPOESK, it crumbles to dust.
Magic quickly surges around you.
It was a scroll of vulnerability.
Grinder hits you!
* * * LOW HITPOINT WARNING * * *
You writhe in agony.
You die...

## ###
##.##>...
##.......#
#.....#
##...#..#
##..### #
##..##
##@5##
##..##
##..##
##..##
##..##
##..##
########..##
##[.......##
##.........#


You could see Grinder.

Vanquished Creatures
  Edmund (D:6)
  An ogre (D:5)
  3 bullfrogs
  2 hounds (D:4)
  An orc wizard (D:5)
  Crazy Yiuf (D:4)
  5 worker ants
  6 gnolls (D:4)
  7 adders
  3 oozes
  4 worms
  An adder skeleton (D:5)
  2 dart slugs (D:1)
  3 leopard geckos
  13 orcs
  2 ball pythons
  2 giant cockroaches (D:2)
  8 hobgoblins
  11 jackals
  8 kobolds
  A quokka (D:5)
  2 bats (D:3)
  6 frilled lizards
  5 goblins
  A leopard gecko skeleton (D:5)
  10 rats
109 creatures vanquished.

Notes
Turn   | Place    | Note
-------+----------+-------------------------------------------
     0 | D:1      | Frqise the Human Fighter began the quest for the Orb.
     0 | D:1      | Reached XP level 1. HP: 18/18 MP: 1/1
   102 | D:1      | Reached XP level 2. HP: 20/24 MP: 2/2
   444 | D:1      | Reached XP level 3. HP: 20/29 MP: 3/3
  1096 | D:2      | Reached XP level 4. HP: 29/35 MP: 4/4
  1748 | D:3      | Found a faded altar of an unknown god.
  1756 | D:3      | Reached skill level 3 in Long Blades
  1775 | D:3      | Became a worshipper of Lugonu the Unformed
  1775 | D:3      | Reached * piety under Lugonu
  1775 | D:3      | Reached ** piety under Lugonu
  1942 | D:3      | Reached XP level 5. HP: 41/41 MP: 5/5
  2572 | D:4      | Noticed a bullfrog
  2584 | D:4      | HP: 2/41 [gnoll/flail (5)]
  2609 | D:4      | Killed a bullfrog
  2609 | D:4      | Reached skill level 4 in Long Blades
  2609 | D:4      | Reached skill level 1 in Dodging
  2609 | D:4      | Reached XP level 6. HP: 14/48 MP: 6/6
  3105 | D:4      | Reached XP level 7. HP: 49/53 MP: 7/7
  3167 | D:4      | Reached *** piety under Lugonu
  3230 | D:4      | Found a shadowy altar of Dithmenos.
  3264 | D:4      | Found a runed door.
  3268 | D:4      | Noticed Crazy Yiuf
  3277 | D:4      | Killed Crazy Yiuf
  3423 | D:5      | Entered Level 5 of the Dungeon
  3431 | D:5      | Reached skill level 5 in Long Blades
  3824 | D:5      | Found Titod's Antique Armour Boutique.
  3830 | D:5      | Bought a shiny ring mail for 210 gold pieces
  3892 | D:5      | HP: 2/54 [poisoned by a worker ant]
  3899 | D:5      | HP: 2/54 [poisoned by a worker ant]
  4291 | D:6      | Noticed Edmund
  4299 | D:6      | Reached XP level 8. HP: 59/60 MP: 8/8
  4335 | D:6      | Killed Edmund
  4335 | D:6      | Reached skill level 6 in Long Blades
  4515 | D:6      | Noticed Grinder
  4521 | D:6      | Reached skill level 5 in Shields
  4528 | D:6      | Paralysed by Grinder for 4 turns
  4543 | D:6      | Paralysed by Grinder for 3 turns
  4547 | D:6      | HP: 3/60 [Grinder (7)]
  4547 | D:6      | Slain by Grinder

Skill      XL: |  1  2  3  4  5  6  7  8 |
---------------+-------------------------+-----
Long Blades    | 3 4 5 6 |  6.1
Dodging        | 1 |  1.9
Shields        | 4 5 |  5.0
Armour         | 4 |  4.8
Fighting       | 4 |  4.2

Action                   |  1- 3 |  4- 6 |  7- 9 || total
-------------------------+-------+-------+-------++-------
Melee: Long sword        |    96 |   152 |   136 ||   384
  Use: Scroll            |     2 |     5 |     5 ||    12
       Potion            |       |     3 |     1 ||     4
  Eat: Chunk             |       |     3 |       ||     3
       Bread ration      |       |     1 |     1 ||     2
Armor: Scale mail        |    44 |    86 |    58 ||   188
Dodge: Dodged            |    27 |    49 |    23 ||    99
Block: Shield            |    46 |    43 |       ||    89
       Large shield      |       |    79 |   101 ||   180
       Rpst.: Long sword |    12 |    20 |     9 ||    41
